 Dungeon Crawl Stone Soup version 0.28-a0-724-g66f9036eb4 (webtiles) character file.

Game seed: 17290286558527989214

150080 efjkekj the Ninja (level 16, 0/126 HPs)
             Began as a Spriggan Enchanter on Oct 26, 2021.
             Was the Champion of Dithmenos.
             Killed from afar by a nagaraja (38 damage)
             ... with a poison arrow
             ... on level 2 of the Snake Pit on Oct 27, 2021.
             The game lasted 01:51:51 (35861 turns).

efjkekj the Ninja (Spriggan Enchanter)             Turns: 35861, Time: 01:51:52

Health: 0/126      AC: 24    Str:  9    XL:     16   Next: 98%
Magic:  34/36      EV: 25    Int: 24    God:    Dithmenos [******]
Gold:   3180       SH:  0    Dex: 18    Spells: 34/46 levels left

rFire   . . .      SeeInvis +   x - +6 quick blade (protect)
rCold   + . .      Faith    .   (shield restricted)
rNeg    . . .      Spirit   .   w - +3 steam dragon scales
rPois   .          Reflect  .   (helmet restricted)
rElec   .          Harm     .   I - +2 cloak
rCorr   .          Rampage  .   (gloves unavailable)
Will    ++...                   (boots unavailable)
Stlth   ..........              i - amulet of regeneration
HPRegen 1.31/turn               N - +6 ring of intelligence
MPRegen 0.25/turn               S - +4 ring of protection

@: berserking, lethally poisoned (0 -> -9), under a protective aura, wreathed by
umbra, constricted, studying Stealth, very quick
A: very small, no large weapons, unfitting armour, see invisible, speed 3,
iridescent scales 1, thin skeletal structure 1, cold resistance 1
a: Renounce Religion, Shadow Step, Shadow Form


You were on level 2 of the Snake Pit.
You worshipped Dithmenos.
Dithmenos was exalted by your worship.
You visited 5 branches of the dungeon, and saw 26 of its levels.
You also visited: Bailey and Ice Cave.

You collected 5151 gold pieces.
You spent 1971 gold pieces at shops.

Inventory:

Hand Weapons
 x - a +6 quick blade of protection (weapon)
 J - a +5 rapier of draining
Missiles
 d - 88 poisoned darts (quivered)
 k - 4 throwing nets
Armour
 h - a +2 robe of the Archmagi
 w - +3 steam dragon scales (worn)
 I - a +2 cloak (worn)
Jewellery
 b - a ring of flight
 i - an amulet of regeneration (around neck)
 s - a ring of wizardry
 N - a +6 ring of intelligence (left hand)
 R - a ring of protection from fire
 S - a +4 ring of protection (right hand)
Wands
 c - a wand of digging (7)
 o - a wand of iceblast (14)
 q - a wand of polymorph (25)
 H - a wand of mindburst (24)
 M - a wand of paralysis (9)
 O - a wand of charming (13)
 P - a wand of flame (19)
Scrolls
 p - 10 scrolls of teleportation
 r - 9 scrolls of amnesia
 t - 6 scrolls of immolation
 y - 3 scrolls of fog
 B - a scroll of fear
 C - 7 scrolls of identify
 D - 5 scrolls of magic mapping
 K - 2 scrolls of blinking
Potions
 a - a potion of invisibility
 e - 3 potions of haste
 f - 2 potions of flight
 g - 2 potions of lignification
 j - 9 potions of curing
 l - 3 potions of attraction
 m - 8 potions of brilliance
 n - 4 potions of heal wounds
 u - 3 potions of resistance
 z - a potion of mutation
 E - a potion of might
 G - a potion of ambrosia
 Q - a potion of magic
Miscellaneous
 A - a condenser vane (inert)


   Skills:
 + Level 9.5 Fighting
 + Level 12.3 Short Blades
 + Level 14.7 Dodging
 O Level 27 Stealth
 + Level 15.5 Spellcasting
 + Level 15.7 Hexes
 - Level 5.0 Necromancy


You had 34 spell levels left.
You knew the following spells:

 Your Spells              Type           Power      Damage    Failure   Level
a - Ensorcelled Hibernat  Hex/Ice        100%       N/A       1%          2
b - Tukima's Dance        Hex            76%        N/A       0%          3
c - Dazzling Flash        Conj/Hex       100%       N/A       1%          3
d - Animate Dead          Necr           21%        N/A       3%          4

Your spell library contained the following spells:

 Spells                   Type           Power      Damage    Failure   Level
 Slow                     Hex            76%        N/A       0%          2
 Confusing Touch          Hex            76%        N/A       0%          3
 Animate Skeleton         Necr           84%        N/A       1%          1
 Pain                     Necr           100%       1d9       1%          1
 Inner Flame              Hex/Fire       54%        N/A       1%          3
 Vampiric Draining        Necr           21%        2d9       1%          3
 Leda's Liquefaction      Hex/Erth       27%        N/A       1%          4
 Foxfire                  Conj/Fire      72%        2x1d7     3%          1
 Freeze                   Ice            72%        1d9       3%          1
 Magic Dart               Conj           72%        1d6       3%          1
 Shock                    Conj/Air       72%        1d7       3%          1
 Sting                    Tmut/Pois      72%        1d6       3%          1
 Metabolic Englaciation   Hex/Ice        27%        N/A       3%          5
 Call Imp                 Summ           18%        N/A       4%          2
 Poisonous Vapours        Pois/Air       36%        N/A       4%          2
 Conjure Flame            Conj/Fire      18%        6-21      9%          3
 Frozen Ramparts          Ice            36%        1d5       9%          3
 Gell's Gravitas          Tloc           9%         N/A       9%          3
 Lesser Beckoning         Tloc           18%        N/A       9%          3
 Mephitic Cloud           Conj/Pois/Air  18%        N/A       9%          3
 Ozocubu's Armour         Ice            18%        N/A       9%          3
 Swiftness                Air            18%        N/A       9%          3
 Teleport Other           Tloc           18%        N/A       9%          3
 Airstrike                Air            9%         N/A       30%         4
 Flame Wave               Conj/Fire      18%        3d5       30%         4
 Hailstorm                Conj/Ice       18%        3d6       30%         4
 Ice Form                 Ice/Tmut       18%        N/A       30%         4
 Olgreb's Toxic Radiance  Pois           18%        N/A       30%         4
 Borgnjor's Vile Clutch   Necr/Erth      15%        N/A       30%         5
 Death Channel            Necr           21%        N/A       52%         6
 Fireball                 Conj/Fire      9%         3d6       63%         5
 Iskenderun's Battlesphe  Conj           18%        2d7       63%         5
 Lee's Rapid Deconstruct  Erth           9%         3d8*      63%         5
 Simulacrum               Ice/Necr       15%        N/A       86%         6
 Conjure Ball Lightning   Conj/Air       9%         3x3d6     99%         6
 Eringya's Noxious Bog    Tmut/Pois      9%         N/A       99%         6
 Statue Form              Tmut/Erth      12%        N/A       99%         6
 Haunt                    Necr/Summ      15%        N/A       100%        7
 Orb of Destruction       Conj           9%         9d4       100%        7
 Ozocubu's Refrigeration  Ice            9%         4d6       100%        7
 Infestation              Necr           21%        N/A       100%        8


Dungeon Overview and Level Annotations

Branches:
Dungeon (15/15)            Temple (1/1) D:6            Lair (6/6) D:8
  Swamp (0/4) Lair:3        Snake (2/4) Lair:2        Slime (0/5) Lair:5
    Orc (2/2) D:10            Elf (0/3) Orc:2        Vaults (0/5) D:13
 Depths (0/4) D:15         Bailey (visited)           IceCv (visited)

Altars:
Ashenzari
Cheibriados
Dithmenos
Elyvilon
Fedhas
Gozag
Hepliaklqana
Kikubaaqudgha
Makhleb
Nemelex Xobeh
Okawaru
Qazlal
Ru
Sif Muna
Trog
Uskayaw
Vehumet
Wu Jian
Xom
Yredelemnul
Zin
The Shining One
Beogh

Shops:
D:4 ?   D:5 (   D:8 *   D:10 (   D:12 *   D:13 *   Orc:2 *:!(

Portals:
Pandemonium: Orc:2

Annotations:
D:11 2 transporters, Liado's ghost, journeyman GnWz
D:13 exclusion: obsidian statue
Lair:4 2 transporters, kwasso's ghost, journeyman DrHu
Lair:5 exclusion: 3 oklob plants


Innate Abilities, Weirdness & Mutations

You are very small and have problems with some larger weapons.
You are too small for most types of armour.
You have supernaturally acute eyesight. (SInv)
You cover ground extremely quickly. (Speed+++)
You are partially covered in iridescent scales. (AC +2)
You have a somewhat thin skeletal structure. (Dex +2, Stealth+)
Your flesh is cold resistant. (rC+)


Message History

Unknown command.
A red film seems to cover your vision as you go berserk!
You feel yourself moving faster!
You feel mighty! The nagaraja spits poison at you.
The splash of poison hits you!
You are poisoned.
The nagaraja constricts you. The naga barely misses you.
You puncture the nagaraja!
The nagaraja is lightly wounded.
Your shadow hits the nagaraja with a quick blade.
You feel sick.
You hit the nagaraja.
The nagaraja is moderately wounded.
You hit the nagaraja but do no damage.
The nagaraja is moderately wounded.
You puncture the nagaraja!
The nagaraja is moderately wounded.
Your shadow hits the nagaraja but does no damage.
You feel sick. The naga barely misses you.
The nagaraja hits you but does no damage.
The nagaraja constricts you.
You hit the nagaraja.
The nagaraja is heavily wounded.
You barely miss the nagaraja.
The nagaraja is heavily wounded.
Your shadow hits the nagaraja but does no damage.
You hit the nagaraja.
The nagaraja is heavily wounded.
You hit the nagaraja but do no damage.
The nagaraja is heavily wounded.
You feel sick.
You hit the nagaraja.
The nagaraja is heavily wounded.
The naga spits poison at you. The splash of poison misses you.
The splash of poison hits the nagaraja but does no damage.
The nagaraja gestures at you while chanting.
The poison arrow hits you!!!
You are more poisoned.
You die...

.##)##.##.
.....§.....§..####
..#..#..................N###
#.#[.#..#..^............##
).#..#..#.......##...(..#
..#.##.##...... ##.......#
)##....#......# #....#§§.#
....#..#......###☼§..##...#
..###..#.......#.N§.## #...#
###....##......<@§§.# #...#
....##..##..).§N§§§## ....
.... #.............§#. ...
### #.........§.§......
.................§....
.....................#..
.....[..............## .
...........>.......##
..................##


You could see a nagaraja and a naga (catching breath).

Vanquished Creatures
  Vashnia (Snake:2)
  Rupert (Lair:4)
  An orc warlord (Bailey)
  An ironbound preserver (D:13)
  The ghost of bgiannan the Warrior, a journeyman GrFi of Okawaru (D:13)
  A dire elephant (D:15)
  Nessos (D:15)
  Azrael (D:12)
  Snorg (D:12)
  2 ettins
  2 fire dragons
  3 naga warriors (Snake:1)
  3 boulder beetles
  Harold (Lair:2)
  9 hydras
  2 demonspawn (Orc:2)
  Erolcha (D:12)
  2 death knights (D:14)
  2 catoblepae
  A centaur warrior (D:15)
  9 anacondas
  A deep troll earth mage (D:13)
  7 two-headed ogres
  A tengu warrior (D:13)
  4 death yaks
  8 naga sharpshooters
  Nergalle (D:13)
  7 orc high priests
  A sun demon (Orc:2)
  3 shock serpents
  A soul eater (Orc:2)
  A fire crab (shapeshifter) (D:13)
  4 skeletal warriors (D:14)
  A wizard (D:15)
  2 bog bodies (IceCv)
  6 naga ritualists
  A phantasmal warrior (D:14)
  6 orc knights (Orc:2)
  A wolf spider (shapeshifter) (D:10)
  A deep elf zephyrmancer (D:13)
  2 deep elf pyromancers
  6 orc sorcerers
  A wolf spider (D:15)
  8 mana vipers
  16 ugly things
  5 salamanders
  4 cyclopes
  3 manticores
  7 naga magi
  24 black mambas
  An ice statue (IceCv)
  14 elephants
  A rust devil (Orc:2)
  2 guardian serpents (Snake:1)
  22 cane toads
  2 gargoyles
  An unseen horror (D:13)
  4 rime drakes
  2 anaconda simulacra (IceCv)
  6 komodo dragons
  3 freezing wraiths
  An ice devil (Orc:2)
  10 trolls
  A wind drake (shapeshifter) (D:13)
  4 tyrant leeches (Lair:6)
  2 polar bears (Lair:6)
  A hornet (D:10)
  A hornet (shapeshifter) (D:15)
  17 slime creatures
  Prince Ribbit (D:6)
  7 dream sheep (Lair:5)
  23 blink frogs
  A centaur simulacrum (D:14)
  2 shadows
  2 vampires
  6 wyverns
  2 dire elephant simulacra (IceCv)
  2 wraiths
  31 yaks
  4 steam dragons
  5 basilisks
  3 death yak simulacra (IceCv)
  13 vampire mosquitoes
  2 wargs
  2 acid dragons
  24 nagas
  A hell hound (D:12)
  15 water moccasins
  A black bear (D:6)
  29 orc warriors
  A swamp drake (Lair:2)
  A sky beast (D:7)
  6 necrophages
  4 centaurs
  7 ogres
  4 wolves (Lair:6)
  A phantom (D:6)
  2 kobold brigands (D:8)
  17 bullfrogs
  A scorpion (D:6)
  3 two-headed ogre simulacra (IceCv)
  2 cane toad simulacra (IceCv)
  2 gnoll sergeants (D:10)
  A water moccasin zombie (D:5)
  6 elephant simulacra (IceCv)
  A water moccasin skeleton (D:6)
  5 killer bees (D:5)
  3 wights
  5 howler monkeys
  4 electric eels
  5 centaur zombies
  A bullfrog zombie (D:5)
  4 hounds
  A jelly (D:5)
  23 orc priests
  2 bullfrog skeletons
  A gnoll shaman (D:9)
  3 iguanas
  21 orc wizards
  2 scorpion zombies (D:5)
  A hell rat (Lair:2)
  4 spriggan simulacra (IceCv)
  4 troll simulacra (IceCv)
  A wolf simulacrum (IceCv)
  A hound zombie (D:5)
  A howler monkey zombie (D:6)
  3 mummies (D:12)
  4 gnolls
  A howler monkey skeleton (D:5)
  6 adders
  6 naga simulacra (IceCv)
  A shadow imp (D:8)
  10 white imps
  9 ufetubi
  An adder skeleton (D:4)
  4 dart slugs (D:1)
  70 orcs
  11 ball pythons
  6 bats
  4 endoplasms
  5 giant cockroaches
  21 goblins
  10 hobgoblins
  3 jackals (D:3)
  29 kobolds
  4 quokkas
  3 training dummies (D:10)
  6 frilled lizards
  8 rats
826 creatures vanquished.

Vanquished Creatures (collateral kills)
  A hydra (Lair:6)
  Urug (D:12)
  An orc sorcerer (Orc:2)
  2 elephants (Lair:6)
  2 blink frogs (Lair:6)
  A dancing weapon (Orc:2)
  Sigmund (D:2)
  3 yaks
  A naga (Snake:2)
  6 orc warriors
  2 ogres
  2 wights
  2 orc priests
  2 orc wizards
  A troll simulacrum (IceCv)
  2 gnolls
  2 white imps
  13 orcs
  2 goblins (Bailey)
  A hobgoblin (Bailey)
  4 kobolds (Bailey)
52 creatures vanquished.

Vanquished Creatures (others)
  A wolf spider zombie (D:12)
  A centaur zombie (D:12)
  An unseen horror (D:12)
  6 slime creatures (D:12)
  16 dancing weapons
  62 fungi
  153 plants
  2 withered plants (D:12)
242 creatures vanquished.

Grand Total: 1120 creatures vanquished

Notes
Turn   | Place    | Note
-------+----------+-------------------------------------------
     0 | D:1      | efjkekj the Spriggan Enchanter began the quest for the Orb.
     0 | D:1      | Reached XP level 1. HP: 9/9 MP: 5/5
   450 | D:1      | Found a faded altar of an unknown god.
   477 | D:1      | Reached XP level 2. HP: 13/13 MP: 7/7
   480 | D:1      | Learned a level 2 spell: Ensorcelled Hibernation
  1027 | D:2      | Noticed Sigmund
  1083 | D:1      | Reached XP level 3. HP: 6/16 MP: 1/9
  1087 | D:1      | Learned a level 3 spell: Tukima's Dance
  1091 | D:1      | Learned a level 3 spell: Dazzling Flash
  2504 | D:2      | Reached XP level 4. HP: 18/21 MP: 11/11
  2613 | D:2      | Reached skill level 5 in Hexes
  2734 | D:2      | Killed Sigmund
  2735 | D:2      | Reached skill level 5 in Spellcasting
  2735 | D:2      | Reached XP level 5. HP: 20/24 MP: 1/14
  3221 | D:3      | Noticed a necrophage
  3265 | D:4      | Found a burning altar of Makhleb.
  3266 | D:4      | Found a hazy altar of Hepliaklqana.
  3433 | D:3      | Found a white marble altar of Elyvilon.
  3521 | D:3      | Found a hide-covered altar of Uskayaw.
  3619 | D:3      | Reached XP level 6. HP: 28/28 MP: 15/15
  4169 | D:4      | Found a basalt altar of Yredelemnul.
  4217 | D:4      | Found Onoz's Magic Scroll Shop.
  4298 | D:4      | Found a sparkling altar of Nemelex Xobeh.
  4309 | D:4      | Found a glowing golden altar of the Shining One.
  4754 | D:5      | Entered Level 5 of the Dungeon
  4977 | D:5      | Reached XP level 7. HP: 23/32 MP: 10/18
  5293 | D:5      | Reached skill level 5 in Stealth
  5339 | D:5      | Found Ono Sun's Antique Weapon Emporium.
  5359 | D:5      | Reached skill level 7 in Stealth
  5698 | D:5      | Reached skill level 8 in Stealth
  5728 | D:5      | Reached XP level 8. HP: 36/36 MP: 11/19
  6040 | D:5      | Reached skill level 9 in Stealth
  6076 | D:5      | Reached skill level 10 in Stealth
  6173 | D:5      | Reached skill level 11 in Stealth
  6269 | D:5      | Reached skill level 12 in Stealth
  6505 | D:7      | Found an ancient bone altar of Kikubaaqudgha.
  6594 | D:7      | Found a shimmering altar of Xom.
  7486 | D:6      | Found a staircase to the Ecumenical Temple.
  7501 | Temple   | Entered the Ecumenical Temple
  7562 | Temple   | Became a worshipper of Dithmenos the Shadowed
  7655 | D:8      | Reached XP level 9. HP: 39/39 MP: 20/22
  7684 | D:8      | Found a sacrificial altar of Ru.
  7817 | D:8      | Found Jatyopn's Neck Hole.
  7883 | D:8      | Found a flagged portal.
  7898 | D:8      | Reached skill level 13 in Stealth
  7953 | Bailey   | Entered a bailey
  7988 | Bailey   | Noticed an orc warlord
  8183 | Bailey   | Found a runed translucent gate.
  8185 | Bailey   | Found a runed translucent gate.
  8187 | Bailey   | Found a runed translucent gate.
  8240 | Bailey   | Reached * piety under Dithmenos
  8637 | Bailey   | Killed an orc warlord
  8638 | Bailey   | Reached skill level 1 in Fighting
  8803 | Bailey   | Got the Incunabulum of Battle Magic and Contamination
  8816 | Bailey   | Reached skill level 19 in Stealth
  8816 | Bailey   | Reached XP level 10. HP: 46/46 MP: 24/24
  8817 | Bailey   | Acquired 1094 gold pieces
  8852 | D:8      | Reached skill level 20 in Stealth
  9062 | D:8      | Found a staircase to the Lair.
  9231 | D:8      | Reached XP level 11. HP: 32/45 MP: 14/25
  9237 | D:8      | Reached ** piety under Dithmenos
  9477 | D:8      | Found a radiant altar of Vehumet.
  9843 | D:9      | Reached skill level 5 in Dodging
 10304 | D:9      | Noticed a two-headed ogre
 10311 | D:9      | Killed a two-headed ogre
 10446 | D:9      | Reached skill level 10 in Hexes
 10854 | D:9      | Found a glowing silver altar of Zin.
 11606 | D:6      | Noticed Prince Ribbit
 11613 | D:6      | Killed Prince Ribbit
 12690 | D:4      | Bought a scroll of identify for 28 gold pieces
 12690 | D:4      | Bought a scroll of enchant weapon for 105 gold pieces
 12690 | D:4      | Bought a scroll of magic mapping for 49 gold pieces
 12690 | D:4      | Bought a scroll of identify for 28 gold pieces
 12690 | D:4      | Bought a scroll of immolation for 49 gold pieces
 12690 | D:4      | Bought a scroll of blinking for 105 gold pieces
 12690 | D:4      | Bought a scroll of magic mapping for 49 gold pieces
 12690 | D:4      | Bought a scroll of immolation for 49 gold pieces
 12690 | D:4      | Bought a scroll of identify for 28 gold pieces
 12690 | D:4      | Bought a scroll of magic mapping for 49 gold pieces
 12690 | D:4      | Bought a scroll of brand weapon for 280 gold pieces
 12690 | D:4      | Bought a scroll of magic mapping for 49 gold pieces
 12690 | D:4      | Bought a scroll of teleportation for 42 gold pieces
 12796 | D:10     | Entered Level 10 of the Dungeon
 12803 | D:10     | Reached *** piety under Dithmenos
 13260 | D:10     | Found a staircase to the Orcish Mines.
 13365 | D:10     | Found a bloodstained altar of Trog.
 13498 | D:10     | Noticed a fire crab
 13666 | D:10     | Noticed a green ugly thing
 13673 | D:10     | Killed a green ugly thing
 13755 | D:10     | Noticed a wolf spider
 13766 | D:10     | Killed a wolf spider
 13767 | D:10     | Reached skill level 10 in Spellcasting
 13985 | D:10     | Identified the +8 long sword of Valiance {elec, rF+ rC-
                  | Int+3 SInv}
 14217 | D:10     | Reached skill level 5 in Short Blades
 14360 | D:10     | Found Orinuc's Firing Range.
 14591 | D:11     | Noticed a two-headed ogre
 14594 | D:11     | Killed a two-headed ogre
 14607 | D:11     | Noticed a two-headed ogre
 14748 | D:10     | Reached XP level 12. HP: 51/58 MP: 15/27
 14973 | D:11     | Found a frozen archway.
 14984 | IceCv    | Entered an ice cave
 14990 | IceCv    | Reached **** piety under Dithmenos
 16197 | IceCv    | Reached skill level 21 in Stealth
 16584 | D:11     | Found a transporter.
 16584 | D:11     | Noticed Liado's ghost (journeyman GnWz)
 16636 | D:11     | Killed a two-headed ogre
 16746 | D:11     | Found a transporter.
 17151 | D:12     | Noticed Erolcha
 17155 | D:12     | Noticed Snorg
 17233 | D:12     | Killed Snorg
 17355 | D:12     | Noticed Nergalle
 17355 | D:12     | Noticed a boulder beetle
 17719 | D:13     | Killed Nergalle
 17746 | D:13     | Noticed a tengu warrior
 17770 | D:13     | Noticed a two-headed ogre
 17779 | D:13     | Killed a two-headed ogre
 17875 | D:12     | Reached skill level 5 in Fighting
 18102 | D:12     | Noticed Urug
 18116 | D:12     | Killed Urug
 18121 | D:12     | Gained mutation: You are partially covered in iridescent
                  | scales. (AC +2) [potion of mutation]
 18121 | D:12     | Gained mutation: Your flesh is cold resistant. (rC+)
                  | [potion of mutation]
 18121 | D:12     | Gained mutation: You have a somewhat thin skeletal
                  | structure. (Dex +2, Stealth+) [potion of mutation]
 18127 | D:12     | Killed Erolcha
 18175 | D:12     | Noticed Azrael
 18331 | D:13     | Found a runed translucent gate.
 18331 | D:13     | Found a runed translucent gate.
 18331 | D:13     | Found a runed translucent gate.
 18335 | D:13     | Found an opulent altar of Gozag.
 18335 | D:13     | Found Toh Amm's Assorted Antiques.
 18335 | D:13     | Noticed a four-headed hydra
 18339 | D:13     | Noticed a boulder beetle
 18340 | D:13     | Noticed a deep troll earth mage
 18340 | D:13     | Noticed bgiannan's ghost (journeyman GrFi)
 18448 | D:13     | Noticed a two-headed ogre
 18452 | D:13     | Killed a two-headed ogre
 18465 | D:13     | Found a gate to the Vaults.
 18465 | D:13     | Noticed an ironbound preserver
 18465 | D:13     | Noticed a boulder beetle
 18467 | D:13     | Killed a boulder beetle
 18468 | D:13     | Reached XP level 13. HP: 59/63 MP: 24/29
 18472 | D:13     | Killed an ironbound preserver
 18544 | D:13     | Found an opulent altar of Gozag.
 18736 | D:13     | Reached skill level 22 in Stealth
 19392 | D:12     | Reached skill level 23 in Stealth
 19452 | D:12     | Found Hinoheff's General Store.
 19476 | D:12     | Bought a scroll of teleportation for 45 gold pieces
 19476 | D:12     | Bought a scroll of fear for 52 gold pieces
 19476 | D:12     | Bought a potion of heal wounds for 75 gold pieces
 19476 | D:12     | Bought a potion of heal wounds for 75 gold pieces
 19535 | D:12     | Killed Azrael
 20082 | D:13     | Reached skill level 24 in Stealth
 20184 | D:13     | Reached skill level 25 in Stealth
 20212 | D:13     | Bought an embroidered cloak for 210 gold pieces
 20212 | D:13     | Bought a potion of curing for 84 gold pieces
 20318 | D:14     | Reached skill level 26 in Stealth
 20367 | D:15     | Entered Level 15 of the Dungeon
 20431 | D:15     | Reached skill level 27 in Stealth
 20964 | D:14     | Noticed a fire dragon
 21157 | Lair:1   | Entered Level 1 of the Lair of Beasts
 21311 | Lair:1   | Acquired 675 gold pieces
 22313 | Lair:2   | Found a staircase to the Snake Pit.
 22317 | Lair:2   | Reached XP level 14. HP: 69/69 MP: 31/31
 22322 | Lair:2   | Noticed Harold
 22330 | Lair:2   | Killed Harold
 22452 | Lair:2   | Reached skill level 10 in Dodging
 23362 | Lair:3   | Learned a level 4 spell: Animate Dead
 23387 | Lair:3   | Reached skill level 1 in Necromancy
 23694 | Lair:3   | Found a staircase to the Swamp.
 24117 | Lair:3   | Reached ***** piety under Dithmenos
 24118 | Lair:3   | Reached skill level 5 in Necromancy
 24963 | Lair:4   | Found a transporter.
 24967 | Lair:4   | Found a transporter.
 25150 | Lair:4   | Noticed Rupert
 25154 | Lair:4   | Killed Rupert
 25309 | Lair:4   | Noticed kwasso's ghost (journeyman DrHu)
 25318 | Lair:4   | Found a bloodstained altar of Trog.
 25480 | Lair:5   | Found a blossoming altar of Fedhas.
 25685 | Lair:5   | Found a staircase to the Slime Pits.
 26163 | Lair:6   | Entered Level 6 of the Lair of Beasts
 26659 | Lair:6   | Reached XP level 15. HP: 74/75 MP: 33/33
 27170 | Lair:6   | Reached ****** piety under Dithmenos
 27948 | Orc:1    | Entered Level 1 of the Orcish Mines
 28158 | Orc:1    | Reached skill level 10 in Short Blades
 28461 | Orc:2    | Entered Level 2 of the Orcish Mines
 28702 | Orc:2    | Found a staircase to the Elven Halls.
 28990 | Orc:2    | Found Nurruh's Distillery.
 29145 | Orc:2    | Found Wiweot's General Store.
 29253 | Orc:2    | Bought 2 potions of invisibility for 208 gold pieces
 29253 | Orc:2    | Bought a potion of curing for 39 gold pieces
 29253 | Orc:2    | Bought a potion of heal wounds for 65 gold pieces
 29253 | Orc:2    | Bought a potion of ambrosia for 104 gold pieces
 29253 | Orc:2    | Bought a potion of curing for 39 gold pieces
 29253 | Orc:2    | Bought a potion of heal wounds for 65 gold pieces
 29583 | Orc:2    | Found a radiant altar of Vehumet.
 30460 | Orc:2    | Found Uvvagar's Book Shop.
 30460 | Orc:2    | Found Sove's Antique Weapon Boutique.
 30460 | Orc:2    | Found a one-way gate leading to the halls of Pandemonium.
 31076 | D:13     | Killed bgiannan's ghost
 31121 | D:13     | Upgraded the game from 0.28-a0-723-g095bd1b44f to
                  | 0.28-a0-724-g66f9036eb4
 31255 | D:14     | Found an ornate altar of the Wu Jian Council.
 32054 | D:14     | Reached XP level 16. HP: 75/82 MP: 25/35
 32673 | D:15     | Noticed Nessos
 32677 | D:15     | Killed Nessos
 32959 | D:15     | Found a staircase to the Depths.
 33411 | D:15     | Acquired a +6 quick blade
 33728 | Snake:1  | Entered Level 1 of the Snake Pit
 33995 | Snake:1  | Reached skill level 15 in Hexes
 34394 | Snake:1  | Reached skill level 15 in Spellcasting
 35548 | Snake:2  | Noticed Vashnia
 35552 | Snake:2  | Killed Vashnia
 35861 | Snake:2  | Killed from afar by a nagaraja

Illustrated notes

Levels and vault maps discovered:
D:1:      giann_wishing_wells, layout_rooms, hellmonk_ecumenical_altar_run_dry,
          kennysheep_nondescript, minmay_pentomino_o4
D:2:      layout_basic, kennysheep_generic_room_10, uniq_sigmund
D:3:      layout_basic, eat_drink_and_be_merry_uskayaw,
          nicolae_overflow_crystal_walls
D:4:      layout_basic, mainiacjoe_overflow_catwalk_spiral,
          kennysheep_mini_moat, grunt_temple_overflow_open, serial_shops,
          nicolae_diamond_shop
D:5:      minmay_bubble_buster, layout_loops_ring, serial_shops,
          nicolae_inconvenience_store, minivault_1
D:6:      layout_basic, temple_pool_b, hangedman_abyss_or_decor_stagger,
          uniq_prince_ribbit1
D:7:      layout_gridville, kiku_gazebo_pond_becter, xom_teletrap_fun
D:8:      layout_loops_ring, amcnicky_altar_gilded,
          mainiacjoe_overflow_cross_hatched, david_lair_shrubbed,
          enter_bailey_5, nicolae_shop_sticking_my_neck_out
D:9:      layout_layer_cave, zin_academy, serial_bayou, serial_bayou_lagoon_a,
          serial_bayou_shore_b, serial_bayou_pond_d, serial_bayou_pond_e
D:10:     cheibrodos_barr_body, layout_cave_pods, lemuel_round_altar,
          david_orc_3, nicolae_shop_firing_range
D:11:     layout_loops_ring, portal_ice_cave_entry_pillars_2,
          gammafunk_ghost_berserking_beasts, st_stairs_9, minivault_27,
          fungi_pond_lemuel
D:12:     layout_basic, serial_shops, shop_statue, serial_undead,
          serial_undead_d, serial_undead_a, serial_undead_e, serial_undead_d,
          uniq_erolcha, uniq_snorg, uniq_azrael, uniq_urug, uniq_nergalle
D:13:     layout_basic, skrybe_vaults_entry_preservation, ebering_ghost_gozag,
          nicolae_gozag_cash_rules_everything_around_me
D:14:     layout_basic, nicolae_wu_jian_wuxing_cycle
D:15:     hangedman_depths_entry_try_elsewhere_first, layout_stronghold,
          chequers_serial_rivers_large_a, amcnicky_mini_corridor_feature,
          chequers_avenue, uniq_nessos
Temple:   dpeg_three_leaves_temple
Lair:1:   layout_regular_city
Lair:2:   nzn_winding_woodlands_stair_cross
          [nzn_winding_woodlands_5x15_sawtooth,
          nzn_winding_woodlands_center_diamonds,
          nzn_winding_woodlands_5x15_pockets, nzn_winding_woodlands_5x5_cross,
          nzn_winding_woodlands_5x5_default, nzn_winding_woodlands_5x15_twine,
          nzn_winding_woodlands_center_lodge, nzn_winding_woodlands_5x15_pool],
          layout_regular_city, minmay_snake_entry_guardpost_small, pond,
          uniq_harold
Lair:3:   layout_cave_pods, swamp_mist_pool
Lair:4:   layout_small_grid, gammafunk_ghost_wrathful_warriors,
          infiniplex_staircase_pool, grunt_megastairs_2, uniq_rupert
Lair:5:   layout_roguey, minmay_slime_entry_oklob_open, basic_altar,
          serial_bayou_pond_e, grunt_forest_small_clearing_treed,
          serial_bayou_shore_a
Lair:6:   minmay_lair_end_frog_pond, layout_loops_ring, wad_woods_road_02
Snake:1:  layout_misc_corridors, grunt_megastairs_4
Snake:2:  nicolae_snake_nest, layout_cave_shapes, uniq_vashnia
Orc:1:    layout_caves
Orc:2:    pf_orc_diabolical, layout_diamond_mine, basic_altar, mines1_david

Skill      XL: |  1  2  3  4  5  6  7  8  9 10 11 12 13 14 15 16 |
---------------+-------------------------------------------------+-----
Spellcasting   | 3 4 5 6 7 8 9 10 11 12 13 14 15 | 15.5
Hexes          | 4 6 7 8 9 10 11 12 13 14 15 | 15.7
Stealth        | 8 12 19 20 21 27 | 27.0
Fighting       | 1 2 4 5 7 8 9 |  9.5
Short Blades   | 2 3 5 7 9 11 12 | 12.3
Dodging        | 4 7 8 9 11 13 14 | 14.7
Necromancy     | 5 |  5.0

Action                   |  1- 3 |  4- 6 |  7- 9 | 10-12 | 13-15 | 16-18 || total
-------------------------+-------+-------+-------+-------+-------+-------++-------
Melee: Dagger            |   159 |   133 |   272 |  1195 |   272 |       ||  2031
       Rapier            |       |       |       |       |  1255 |    61 ||  1316
       Quick blade       |       |       |       |       |       |   237 ||   237
Throw: Dart              |       |       |       |       |     1 |       ||     1
 Cast: Ensorcelled Hiber |    29 |    29 |    54 |   131 |   223 |    91 ||   557
       Tukima's Dance    |       |     6 |    12 |    39 |    73 |    11 ||   141
       Dazzling Flash    |       |     1 |     4 |    10 |    15 |       ||    30
       Animate Dead      |       |       |       |       |    11 |       ||    11
Invok: Shadow Step       |       |       |       |     5 |     5 |     3 ||    13
Evoke: Wand              |       |       |     7 |    76 |    31 |     7 ||   121
       Condenser vane    |       |       |       |     1 |     4 |     1 ||     6
  Use: Scroll            |     2 |     9 |     3 |    10 |    18 |     5 ||    47
       Potion            |       |       |     3 |    10 |    12 |     7 ||    32
 Stab: Sleeping          |    21 |    29 |    43 |   106 |   193 |   100 ||   492
       Invisible         |       |     1 |     2 |    10 |    14 |       ||    27
       Distracted        |       |       |     1 |     9 |    18 |     3 ||    31
       Paralysed         |       |       |       |     3 |       |       ||     3
       Confused          |       |       |       |       |     1 |       ||     1
Armor: Robe              |    28 |    12 |    37 |    75 |       |       ||   152
       Steam dragon scal |       |       |       |   120 |   241 |    32 ||   393
Dodge: Dodged            |   178 |   104 |   267 |   963 |  1682 |   240 ||  3434

Table legend: (Time is in decaauts)
 A = Elapsed time spent in this place.
 B = Non-inter-level travel time spent in this place.
 C = Inter-level travel time spent in this place.
 D = Time resting spent in this place.
 E = Time spent auto-exploring this place.
 F = Levels seen in this place.
 G = Mean time per level.
                   A        B        C        D        E       F      G
               +--------+--------+--------+--------+--------+-----+--------+
         Total |  26628 |  25517 |   1111 |   5979 |  12303 |  28 |  951.0 |
       Dungeon |  16291 |  15544 |    747 |   3943 |   7342 |  15 | 1086.1 |
        Temple |     43 |     38 |      5 |      0 |     29 |   1 |   43.0 |
          Lair |   4757 |   4457 |    300 |    339 |   2925 |   6 |  792.8 |
     Snake Pit |   1587 |   1556 |     31 |    399 |    721 |   2 |  793.5 |
  Orcish Mines |   1995 |   1970 |     25 |    372 |    925 |   2 |  997.5 |
        Bailey |    721 |    721 |      0 |    262 |    148 |   1 |  721.0 |
      Ice Cave |   1231 |   1231 |      0 |    662 |    211 |   1 | 1231.0 |
               +--------+--------+--------+--------+--------+-----+--------+

Top non-repeatable levels by time:
   Orc:2: 1533 daAuts
     D:1: 1491 daAuts
    D:14: 1477 daAuts
     D:9: 1428 daAuts
    D:13: 1367 daAuts
   IceCv: 1231 daAuts
    D:10: 1217 daAuts
     D:5: 1149 daAuts
    D:15: 1148 daAuts
     D:2: 1143 daAuts
     D:8: 1114 daAuts
  Lair:6: 1080 daAuts
     D:4: 1028 daAuts
  Lair:2: 975 daAuts
  Lair:3: 947 daAuts
